 Seeded DCSS version 0.29.1-15-g9cfb28693d (webtiles) character file.

Game seed: 20230227 (custom seed)

1156 Mickster the Trooper (level 8, -2/71 HPs)
             Began as a Hill Orc Berserker on Feb 27, 2023.
             Was a Believer of Trog.
             Slain by a two-headed ogre
             ... wielding a +0 giant club
              (7 damage)
             ... on level 6 of the Dungeon on Feb 28, 2023.
             The game lasted 00:49:41 (4033 turns).

Mickster the Trooper (Hill Orc Berserker)           Turns: 4033, Time: 00:49:45

Health: -2/71      AC: 18    Str: 27 (28) XL:     8   Next: 39%
Magic:  8/8        EV:  6    Int:  5 (7)  God:    Trog [**....]
Gold:   207        SH:  6    Dex:  8 (10) Spells: 7/7 levels left

rFire   . . .      SeeInvis +   f - +10 whip "Buneal" {vorpal, Will- Str+6 SInv}
rCold   . . .      Faith    .   g - +0 kite shield {AC+3}
rNeg    . . .      Spirit   .   k - +1 plate armour
rPois   .          Reflect  .   v - +1 helmet
rElec   .          Harm     .   (no cloak)
rCorr   .          Rampage  .   (no gloves)
Will    .....                   (no boots)
Stlth   ..........              (no amulet)
HPRegen 0.21/turn               (no ring)
MPRegen 0.11/turn               (no ring)

@: no status effects
A: no striking features
a: Renounce Religion, Berserk, Trog's Hand


You were on level 6 of the Dungeon.
You worshipped Trog.
Trog was pleased with you.
You visited 1 branch of the dungeon, and saw 6 of its levels.

You collected 312 gold pieces.
You spent 105 gold pieces at shops.

Inventory:

Hand Weapons
 c - a +0 sling
 e - a +0 spear
 f - the +10 whip "Buneal" (weapon) {vorpal, Will- Str+6 SInv}
   (You found it on level 2 of the Dungeon)

   It inflicts extra damage upon your enemies.
   Str:       It affects your strength (+6).
   SInv:      It lets you see invisible.
   Will:      It decreases your willpower.
 p - a +4 falchion
 s - a +0 war axe
 t - a +0 shortbow
Missiles
 h - 5 boomerangs (quivered)
 l - 9 stones
 q - 5 poisoned darts
Armour
 g - a +0 kite shield of protection (worn)
 k - a +1 plate armour (worn)
 v - a +1 helmet (worn)
Wands
 i - a wand of quicksilver (7)
Scrolls
 a - a scroll of teleportation
 b - a scroll of butterflies
 j - a scroll of enchant armour
 m - a scroll of poison
 n - a scroll of blinking
 r - a scroll of fear
Potions
 d - a potion of haste


   Skills:
 + Level 6.5 Fighting
 - Level 3.8 Long Blades
 - Level 4.5(5.9) Axes
 * Level 4.8(5.4) Maces & Flails
 + Level 0.4 Throwing
 + Level 5.4 Armour
 + Level 2.7 Dodging
 + Level 1.5 Stealth
 + Level 0.2 Shields


You had 7 spell levels left.
You didn't know any spells.
Your spell library was empty.

Dungeon Overview and Level Annotations

Branches:
Dungeon (6/15)             Temple (0/1) D:4

Altars:
Ashenzari
Elyvilon
Fedhas
Zin
The Shining One

Shops:
D:3 ?   D:6 ?

Portals:
Sewer: D:3


Message History

The two-headed ogre shouts in stereo!
The orc hits you but does no damage.
You whack the orc!
You kill the orc!
Trog accepts your kill.
Things that are here:
a +0 club; a +0 leather armour; an orc corpse The two-headed ogre barely misses you.
The two-headed ogre hits you with a +0 giant club!!
You whack the two-headed ogre!
The two-headed ogre is moderately wounded.
You completely miss the two-headed ogre.
The two-headed ogre is moderately wounded.
You block the two-headed ogre's attack.
The two-headed ogre hits you with a +0 giant club!!
You barely miss the two-headed ogre.
The two-headed ogre is moderately wounded.
You block the two-headed ogre's attack. The two-headed ogre barely misses you.
You barely miss the two-headed ogre.
The two-headed ogre is moderately wounded.
You hit the two-headed ogre.
The two-headed ogre is moderately wounded.
You block the two-headed ogre's attack.
The two-headed ogre hits you with a +0 giant club!
* * * LOW HITPOINT WARNING * * *
You hit the two-headed ogre.
The two-headed ogre is heavily wounded.
The two-headed ogre hits you with a +0 giant club!
* * * LOW HITPOINT WARNING * * *
The two-headed ogre hits you with a +0 giant club.
* * * LOW HITPOINT WARNING * * *
You hit the two-headed ogre.
The two-headed ogre is heavily wounded.
Aiming: Quicksilver Bolt
Press: ? - help, Shift-Dir - straight line, f - two-headed ogre
Aim: a two-headed ogre, wielding two +0 giant clubs (heavily wounded, 86% to hit)
The bolt of dispelling energy hits the two-headed ogre!
The two-headed ogre is almost dead.
The two-headed ogre hits you with a +0 giant club!
You die...

#.....##.#.......#
#......#'#.......#
#........#.......#
#..#######.......######+
#### ................
................
................
.!......).......
.......@.......
.......O...####
#+#........# #........#
#........# #........+
#........# ##.......#


You could see a two-headed ogre.

Vanquished Creatures
  4 black bears
  An ogre (D:6)
  2 centaurs
  2 phantoms
  A necrophage (D:4)
  A scorpion (D:4)
  2 hounds
  Natasha (thrice) (D:3)
  4 gnolls (D:4)
  4 adders
  2 white imps
  An ufetubus (D:5)
  A worm (D:2)
  A dart slug (D:1)
  8 orcs
  4 endoplasms
  2 giant cockroaches
  3 hobgoblins
  4 quokkas
  2 ball pythons
  7 bats
  5 frilled lizards
  7 goblins
  A kobold (D:4)
  3 rats
75 creatures vanquished.

Notes
Turn   | Place    | Note
-------+----------+-------------------------------------------
     0 | D:1      | Mickster the Hill Orc Berserker began the quest for the
                  | Orb.
     0 | D:1      | Reached XP level 1. HP: 19/19 MP: 1/1
    36 | D:1      | Found a faded altar of an unknown god.
    75 | D:1      | Reached XP level 2. HP: 27/27 MP: 2/2
   260 | D:2      | Reached skill level 4 in Fighting
   330 | D:2      | Identified the +10 whip "Buneal" {vorpal, Will- Str+6 SInv}
   582 | D:2      | Found a white marble altar of Elyvilon.
   661 | D:2      | Reached XP level 3. HP: 33/33 MP: 3/3
   706 | D:2      | Reached ** piety under Trog
   808 | D:3      | Noticed Natasha
   815 | D:3      | Killed Natasha
   816 | D:3      | Reached skill level 1 in Maces & Flails
   816 | D:3      | Reached XP level 4. HP: 39/41 MP: 4/4
   914 | D:3      | Found Poomic's Magic Scroll Emporium.
  1086 | D:3      | Found a glowing drain.
  1165 | D:3      | Noticed Natasha
  1171 | D:3      | Killed Natasha
  1216 | D:3      | Noticed Natasha
  1227 | D:3      | Killed Natasha
  1228 | D:3      | Reached XP level 5. HP: 37/47 MP: 5/5
  1618 | D:4      | Noticed a centaur
  1629 | D:4      | Killed a centaur
  1630 | D:4      | Reached skill level 5 in Fighting
  1630 | D:4      | Reached skill level 1 in Long Blades
  1669 | D:4      | Reached XP level 6. HP: 30/56 MP: 6/6
  1941 | D:4      | Found a glowing golden altar of the Shining One.
  1944 | D:4      | Found a glowing silver altar of Zin.
  1944 | D:4      | Found a white marble altar of Elyvilon.
  2098 | D:4      | Noticed a black bear
  2105 | D:4      | Killed a black bear
  2106 | D:4      | Reached skill level 1 in Stealth
  2136 | D:4      | Noticed a black bear
  2148 | D:4      | Killed a black bear
  2149 | D:4      | Reached XP level 7. HP: 48/61 MP: 7/7
  2165 | D:4      | Found a staircase to the Ecumenical Temple.
  2467 | D:5      | Entered Level 5 of the Dungeon
  2469 | D:5      | Found a broken altar of Ashenzari.
  2551 | D:5      | Reached skill level 6 in Fighting
  2674 | D:5      | Found a blossoming altar of Fedhas.
  2884 | D:5      | Reached *** piety under Trog
  2885 | D:5      | Reached XP level 8. HP: 51/70 MP: 8/8
  3117 | D:6      | Reached skill level 5 in Armour
  3856 | D:6      | Found Reyrr's Magic Scroll Shop.
  3912 | D:6      | Bought a scroll of enchant armour for 105 gold pieces
  4021 | D:6      | Noticed a two-headed ogre
  4033 | D:6      | Slain by a two-headed ogre

Illustrated notes

Levels and vault maps discovered:
D:1:      dpeg_arrival_long_road, layout_basic,
          hellmonk_ecumenical_altar_crossroads, patterned_corridor
D:2:      layout_loops_ring, basic_altar
D:3:      layout_rooms, serial_shops, shop, cheibrodos_sewer_entry_sluice,
          uniq_natasha, uniq_jessica
D:4:      layout_loops_ring, good_gods_mini_temple, minmay_temple_entry_wispy,
          bh_walls_and_bars
D:5:      nicolae_BIG_FREAKIN_CUBE, layout_layer_cave,
          mainiacjoe_overflow_catwalk, kennysheep_mini
D:6:      layout_gridville, serial_shops, nicolae_shop_hallway_plus,
          uniq_grinder

Skill      XL: |  1  2  3  4  5  6  7  8 |
---------------+-------------------------+-----
Fighting       | 4 5 6 |  6.5
Maces & Flails | 1 2 3 4 |  4.8
Dodging        | 2 |  2.7
Long Blades    | 1 3 |  3.8
Armour         | 3 4 5 |  5.4
Stealth        | 1 |  1.5
Axes           | |  4.5
Throwing       | |  0.4
Shields        | |  0.2

Action                   |  1- 3 |  4- 6 |  7- 9 || total
-------------------------+-------+-------+-------++-------
Melee: Hand axe          |    29 |       |       ||    29
       Whip              |    16 |    76 |    59 ||   151
       Falchion          |       |       |    26 ||    26
       Punch             |       |       |     1 ||     1
Throw: Dart              |       |       |     5 ||     5
       Boomerang         |       |       |     3 ||     3
Evoke: Wand              |       |       |     1 ||     1
  Use: Potion            |     3 |     4 |     3 ||    10
       Scroll            |     3 |     6 |     7 ||    16
Armor: Animal skin       |     1 |       |       ||     1
       Leather armour    |     1 |       |       ||     1
       Plate armour      |       |    54 |    44 ||    98
       Ring mail         |       |     4 |       ||     4
Dodge: Dodged            |    26 |    37 |    41 ||   104
Block: Kite shield       |       |       |     5 ||     5
